 Dungeon Crawl Stone Soup version 0.24-a0-264-gf46a388 (webtiles) character file.

Game seed: 9978259942184713698

11658 Lanoc the Cleaver (level 11, -14/99 HPs)
             Began as a Yellow Draconian Gladiator on Apr 19, 2019.
             Was a Priest of Uskayaw.
             Demolished by a cyclops (17 damage)
             ... on level 11 of the Dungeon.
             The game lasted 00:27:22 (11341 turns).

Lanoc the Cleaver (Yellow Draconian Gladiator)     Turns: 11341, Time: 00:27:23

Health: -14/99     AC:  9    Str: 18    XL:     11   Next: 52%
Magic:  10/15      EV: 18    Int:  8    God:    Uskayaw [***...]
Gold:   453        SH:  0    Dex: 17    Spells: 10/10 levels left

rFire    . . .     SeeInvis +   l - +0 battleaxe
rCold    . . .     Gourm    +   (shield currently unavailable)
rNeg     . . .     Faith    .   (armour unavailable)
rPois    +         Spirit   .   b - +1 hat
rElec    .         Reflect  .   (no cloak)
rCorr    +         Harm     .   (no gloves)
MR       .....                  (no boots)
Stlth    ++........             C - amulet of the gourmand
HPRegen  0.26/turn              q - ring of see invisible
MPRegen  0.14/turn              e - ring of poison resistance

@: no status effects
A: spit acid, unfitting armour, talons 1, agile 1, blurry vision 1, shaggy fur
1, cold-blooded, acid resistance, AC +7
a: Breathe Acid, Stomp, Line Pass, Renounce Religion


You were on level 11 of the Dungeon.
You worshipped Uskayaw.
Uskayaw was noncommittal.
You were very full.

You visited 2 branches of the dungeon, and saw 12 of its levels.
You also visited: Ossuary.

You collected 453 gold pieces.

Inventory:

Hand Weapons
 a - a +1 war axe
 l - a +0 battleaxe (weapon)
 o - a +1 hand axe of holy wrath
Missiles
 c - 2 throwing nets (quivered)
Armour
 b - a +1 hat (worn)
Jewellery
 e - a ring of poison resistance (right hand)
 g - an uncursed ring of protection from cold
 q - a ring of see invisible (left hand)
 s - an uncursed ring of protection from fire
 C - an amulet of the gourmand (around neck)
Wands
 m - a wand of flame (16)
 n - a wand of polymorph (18)
 A - a wand of paralysis (10)
 E - a wand of disintegration (11)
Scrolls
 i - 3 scrolls of enchant weapon
 j - 3 scrolls of amnesia
 p - 3 scrolls of identify
 u - 5 scrolls of enchant armour
 y - 8 scrolls of teleportation
 z - a scroll of magic mapping
 B - a scroll of fear
 D - 3 scrolls of remove curse
 G - a scroll of immolation
Potions
 f - a potion of flight
 h - a potion of ambrosia
 k - 2 potions of might
 t - a potion of resistance
 v - 3 potions of agility
 w - 4 potions of curing
 x - 2 potions of mutation
Miscellaneous
 r - a sack of spiders
Comestibles
 d - 15 rations
 F - 4 chunks of flesh


   Skills:
 + Level 10.0 Fighting
 * Level 12.6 Axes
 - Level 1.7 Throwing
 + Level 8.6 Dodging
 + Level 5.5 Invocations


You had 10 spell levels left.
You didn't know any spells.
Your spell library contained the following spells:

 Spells                   Type           Power        Failure   Level  Hunger
 Corona                   Hex            #......      41%         1    ##.....
 Freeze                   Ice            #...         41%         1    ##.....
 Magic Dart               Conj           #...         41%         1    ##.....
 Ensorcelled Hibernation  Hex/Ice        #.....       54%         2    ###....
 Searing Ray              Conj           #.....       54%         2    ###....
 Slow                     Hex            #.......     54%         2    ###....
 Throw Frost              Conj/Ice       #.....       54%         2    ###....
 Confuse                  Hex            #.......     78%         3    ####...
 Dazzling Spray           Conj/Hex       #.....       78%         3    ####...
 Inner Flame              Hex/Fire       #.......     78%         3    ####...
 Ozocubu's Armour         Chrm/Ice       #.......     78%         3    ####...
 Portal Projectile        Hex/Tloc       #.....       78%         3    ####...
 Tukima's Dance           Hex            #.......     78%         3    ####...
 Cause Fear               Hex            #.........   99%         4    #####..
 Force Lance              Conj/Tloc      #.......     99%         4    #####..
 Fulminant Prism          Conj/Hex       #.........   99%         4    #####..
 Iskenderun's Mystic Bla  Conj           #.......     99%         4    #####..
 Leda's Liquefaction      Hex/Erth       #.........   99%         4    #####..
 Summon Ice Beast         Ice/Summ       #.......     99%         4    #####..
 Throw Icicle             Conj/Ice       #.......     99%         4    #####..


Dungeon Overview and Level Annotations

Branches:
Dungeon (11/15)            Temple (1/1) D:6            Lair (0/6) D:11
    Orc (0/2) D:10

Altars:
Ashenzari
Cheibriados
Dithmenos
Elyvilon
Fedhas
Gozag
Kikubaaqudgha
Makhleb
Nemelex Xobeh
Okawaru
Qazlal
Ru
Sif Muna
Trog
Uskayaw
Vehumet
Wu Jian
Yredelemnul
The Shining One
Beogh


Innate Abilities, Weirdness & Mutations

You can spit globs of acid.
Your golden yellow scales are hard. (AC +7)
You cannot fit into any form of body armour.
You are cold-blooded and may be slowed by cold attacks.
You are resistant to acid. (rCorr)
You have sharp toenails.
You are agile. (Dex +2)
Scrolls take you a little longer to read.
You are covered in fur. (AC +1)


Message History

You hit the yak but do no damage.
Unknown command.
The yak is no longer paralysed.
The hippogriff is no longer paralysed.
The crocodile is no longer paralysed.
The cyclops is no longer paralysed.
The ogre is no longer paralysed.
The orc is no longer paralysed. x3
The crocodile completely misses you. The hippogriff bites you!
The hippogriff misses you. The hippogriff closely misses you.
The yak closely misses you.
You slice the cyclops!! Your kick misses the cyclops.
The cyclops is heavily wounded.
You slice the yak!!
You kill the yak!
Your Fighting skill increases to level 10!
You slash the ogre! You slash the hippogriff!
You kill the hippogriff!
You hit the crocodile but do no damage. The crocodile bites you.
The ogre hits you with a +0 giant club!!
* * * LOW HITPOINT WARNING * * *
The cyclops hits you!
You die...

#.......### #....(....##
#.......#..#
#.......##.#
#.......##.## .
####.#####..###
...####.## ##...##
#....O..### ###..#
..####)@...# ##.#
#.oCto....# #.###
#..P........# #...#
...o.......P...####.###
........>.............##
##...P......P..####.#...
##........P..# #.####
##.........## #.# #
#.####


You could see a cyclops, a crocodile, an ogre and 3 orcs.

Vanquished Creatures
  2 two-headed ogres (D:8)
  An orange crystal statue (D:10)
  Pikel (D:9)
  3 trolls (D:10)
  3 hippogriffs
  Sigmund (D:4)
  A wyvern (D:9)
  A spriggan (D:10)
  2 wraiths (D:10)
  Eustachio (D:4)
  A human (D:10)
  4 yaks
  A basilisk (D:11)
  A hungry ghost (D:8)
  Grum (D:8)
  Menkaure (D:4)
  A soldier ant (D:10)
  8 orc warriors
  2 sky beasts
  3 slaves (D:9)
  2 necrophages
  2 phantoms
  2 ice beasts
  7 ogres
  An eye of draining (D:10)
  5 centaurs
  2 wolves (D:8)
  4 bullfrogs
  3 water moccasin zombies (Ossuary)
  4 scorpions
  2 water moccasin skeletons
  17 killer bees
  4 wights (D:8)
  4 howler monkeys
  3 crimson imps
  3 jellies
  3 centaur skeletons
  A quasit (D:9)
  A centaur zombie (D:3)
  11 orc priests
  3 hounds
  12 orc wizards
  Ijyb (D:3)
  5 iguanas
  2 worker ants (D:5)
  3 big kobold zombies (Ossuary)
  3 hound skeletons
  2 mummies (Ossuary)
  9 adders
  A shadow imp (D:6)
  An ooze (D:5)
  5 adder zombies (Ossuary)
  An adder skeleton (D:7)
  5 worms
  2 dart slugs
  8 leopard geckos
  46 orcs
  3 giant cockroaches
  A gnoll zombie (Ossuary)
  A goblin (D:3)
  6 hobgoblins
  5 jackals
  5 kobolds
  3 quokkas
  3 bats (D:3)
  2 frilled lizards (D:1)
  A goblin zombie (D:4)
  5 hobgoblin zombies (Ossuary)
  3 kobold zombies (Ossuary)
  4 orc zombies (Ossuary)
  A quokka skeleton (D:4)
  A quokka zombie (D:4)
  5 rats
278 creatures vanquished.

Notes
Turn   | Place    | Note
-------+----------+-------------------------------------------
     0 | D:1      | Lanoc the Draconian Gladiator began the quest for the Orb.
     0 | D:1      | Reached XP level 1. HP: 17/17 MP: 1/1
   106 | D:1      | Reached XP level 2. HP: 23/25 MP: 2/2
   402 | D:3      | Reached XP level 3. HP: 13/30 MP: 3/3
   665 | D:3      | Noticed Ijyb
   677 | D:3      | Killed Ijyb
   677 | D:3      | Reached skill level 4 in Axes
   682 | D:3      | Reached XP level 4. HP: 36/38 MP: 4/4
   706 | D:3      | Gained mutation: Scrolls take you a little longer to read.
                  | [potion of mutation]
   706 | D:3      | Gained mutation: You are covered in fur. (AC +1) [potion of
                  | mutation]
   706 | D:3      | Gained mutation: You evolve. [potion of mutation]
   852 | D:3      | Reached XP level 5. HP: 14/45 MP: 5/5
  1180 | D:3      | Reached skill level 5 in Axes
  1626 | D:4      | Noticed Menkaure
  1637 | D:4      | Killed Menkaure
  1637 | D:4      | Reached XP level 6. HP: 32/52 MP: 6/6
  1743 | D:4      | Noticed Eustachio
  1751 | D:4      | Killed Eustachio
  1751 | D:4      | Reached skill level 6 in Axes
  1751 | D:4      | Your scales start taking on a golden yellow colour.
  1751 | D:4      | Reached XP level 7. HP: 36/60 MP: 7/7
  1751 | D:4      | Gained mutation: You are resistant to acid. (rCorr) [Yellow
                  | Draconian growth]
  1905 | D:4      | Found a sand-covered staircase.
  1922 | Ossuary  | Entered an ossuary
  1987 | Ossuary  | Reached skill level 5 in Fighting
  2073 | Ossuary  | Reached skill level 7 in Axes
  2449 | D:4      | Noticed Sigmund
  2462 | D:4      | Killed Sigmund
  2462 | D:4      | Reached skill level 5 in Dodging
  2462 | D:4      | Reached XP level 8. HP: 69/69 MP: 8/8
  2685 | D:5      | Entered Level 5 of the Dungeon
  2921 | D:5      | You fall through a shaft for 3 floors!
  2921 | D:8      | Noticed a two-headed ogre
  3253 | D:6      | Gained mutation: You are agile. (Dex +2) [evolution]
  3265 | D:6      | Found a shadowy altar of Dithmenos.
  3380 | D:6      | Reached skill level 8 in Axes
  3928 | D:6      | Found a staircase to the Ecumenical Temple.
  3933 | Temple   | Entered the Ecumenical Temple
  4026 | Temple   | Became a worshipper of Uskayaw the Reveler
  4284 | D:5      | Reached * piety under Uskayaw
  4290 | D:5      | Reached ** piety under Uskayaw
  4493 | D:5      | Reached *** piety under Uskayaw
  4494 | D:5      | Reached **** piety under Uskayaw
  4498 | D:5      | Reached ***** piety under Uskayaw
  4499 | D:5      | Reached XP level 9. HP: 70/78 MP: 9/9
  4588 | D:5      | Reached skill level 9 in Axes
  5194 | D:6      | Gained mutation: You have sharp toenails. [evolution]
  5194 | D:6      | Lost mutation: You evolve. [end of evolution]
  6226 | D:7      | Reached skill level 10 in Axes
  6425 | D:8      | Noticed a two-headed ogre
  6796 | D:8      | Reached XP level 10. HP: 86/88 MP: 10/10
  6806 | D:8      | Got a faintly glowing hunting sling
  6807 | D:8      | Identified the +2 hunting sling "Zohemogiur" {venom, rPois
                  | Dex+5} (You found it on level 8 of the Dungeon)
  6881 | D:8      | Noticed a two-headed ogre
  6891 | D:8      | Killed a two-headed ogre
  6891 | D:8      | Reached skill level 1 in Invocations
  7197 | D:8      | Reached skill level 11 in Axes
  7444 | D:8      | Noticed Grum
  7778 | D:8      | Found a snail-covered altar of Cheibriados.
  7779 | D:8      | Found a sacrificial altar of Ru.
  7781 | D:8      | Found an ancient bone altar of Kikubaaqudgha.
  7783 | D:8      | Found a radiant altar of Vehumet.
  7788 | D:8      | Found a bloodstained altar of Trog.
  7919 | D:8      | Killed Grum
  7927 | D:8      | Killed a two-headed ogre
  8711 | D:9      | Noticed Pikel
  8741 | D:9      | Killed Pikel
  9101 | D:9      | Reached XP level 11. HP: 65/97 MP: 14/14
  9496 | D:10     | Entered Level 10 of the Dungeon
  9520 | D:10     | Reached skill level 12 in Axes
  9521 | D:10     | Noticed an orange crystal statue
 10039 | D:10     | Found a staircase to the Orcish Mines.
 10267 | D:10     | Found a roughly hewn altar of Beogh.
 10509 | D:10     | Reached skill level 5 in Invocations
 11268 | D:10     | Killed an orange crystal statue
 11333 | D:11     | Found a staircase to the Lair.
 11341 | D:11     | Reached skill level 10 in Fighting
 11341 | D:11     | HP: 3/99 [ogre/+0 giant club (30)]
 11341 | D:11     | Demolished by a cyclops

Levels and vault maps discovered:
D:1:      dpeg_arrival_short_road, layout_basic, serial_bayou,
          serial_bayou_crossing, serial_bayou_pond_e, serial_bayou_shore_a,
          serial_bayou_pond_e, minmay_misc_feat_enclosed
D:2:      minmay_roachtagon, layout_loops_cross, uniq_crazy_yiuf_cottage
D:3:      layout_loops_ring, first_ration, uniq_ijyb
D:4:      kennysheep_big_flooded_room, layout_cave_pools, enter_ossuary_4,
          uniq_eustachio, uniq_menkaure, uniq_sigmund
D:5:      layout_basic
D:6:      layout_layer_cave, grunt_dithmenos_smoke, temple_doors_cd
D:7:      layout_basic
D:8:      layout_cave_pods, grunt_temple_overflow_open, grunt_decor_arrowhead,
          uniq_grum
D:9:      layout_gridville, minmay_misc_feat_secret_circle, uniq_pikel
D:10:     layout_cave_pods, minmay_orc_entry_temple_small, hangedman_stone_soup,
          minivault_16
D:11:     minmay_cornered_nines, layout_rooms, david_lair_generic, basic_altar,
          nicolae_qazlal_eye_of_the_storm
Temple:   regret_index_temple_sphere_string
Ossuary:  ossuary_tomb_2

Skill      XL: |  1  2  3  4  5  6  7  8  9 10 11 |
---------------+----------------------------------+-----
Dodging        | 3 4 5 6 7 8 |  8.6
Axes           | 4 5 6 7 8 10 11 12 | 12.6
Fighting       | 3 4 5 6 8 9 10 | 10.0
Invocations    | 4 5 |  5.5
Throwing       | |  1.7

Action                   |  1- 3 |  4- 6 |  7- 9 | 10-12 || total
-------------------------+-------+-------+-------+-------++-------
Melee: War axe           |    56 |   116 |   397 |     6 ||   575
       Tailslap          |     6 |    12 |    69 |    49 ||   136
       Unarmed           |    12 |     1 |       |       ||    13
       Kick              |       |       |    36 |   101 ||   137
       Battleaxe         |       |       |       |   272 ||   272
Throw: Throwing net      |       |     1 |     1 |       ||     2
  Use: Scroll            |       |     7 |     7 |     3 ||    17
       Potion            |       |     4 |     7 |     7 ||    18
 Stab: Sleeping          |       |     1 |     2 |       ||     3
       Paralysed         |       |       |    17 |    46 ||    63
  Eat: Chunk             |       |     2 |    13 |    22 ||    37
       Ration            |       |       |     2 |       ||     2
Armor: Skin              |     7 |    63 |   121 |    64 ||   255
Dodge: Dodged            |    43 |    53 |   304 |   376 ||   776

Table legend:
 A = Non-vault XP
 B = Vault XP
 C = Vault XP percentage of total XP
 D = Non-vault monster count
 E = Vault monster count
 F = Vault count percentage of total count
                 A         B        C        D         E       F
            +---------+---------+-------+---------+---------+-------
      Total |   12368 |    4287 |  25.7 |     221 |      54 |  19.6
            +---------+---------+-------+---------+---------+-------
        D:1 |      16 |       0 |   0.0 |      11 |       0 |   0.0
        D:2 |       9 |       0 |   0.0 |       3 |       0 |   0.0
        D:3 |     311 |      36 |  10.4 |      32 |       1 |   3.0
        D:4 |     202 |     604 |  74.9 |       8 |       5 |  38.5
        D:5 |     937 |       0 |   0.0 |      22 |       0 |   0.0
        D:6 |     825 |       0 |   0.0 |      18 |       0 |   0.0
        D:7 |    1062 |       0 |   0.0 |      27 |       0 |   0.0
        D:8 |    3953 |     403 |   9.3 |      38 |       3 |   7.3
        D:9 |    2024 |     629 |  23.7 |      40 |       1 |   2.4
       D:10 |    2772 |    1602 |  36.6 |      20 |      15 |  42.9
       D:11 |     257 |     623 |  70.8 |       2 |       3 |  60.0
    Ossuary |       0 |     390 | 100.0 |       0 |      26 | 100.0
            +---------+---------+-------+---------+---------+-------
